AoeStats
← matpochmara

Arena

509461896Analyzed
1v1 RM · 6d ago on Sep 26, 2026· 47m 26s· 2 players
Game mode
Random Map
Map size
Tiny (2 player)
Population
200
Speed
Normal
Resources
Standard
Victory
Conquest
Starting age
Dark Age
Ending age
Imperial Age
RankedLock teamsTeams togetherTeam positionsShared explorationLock speedFull tech treeHidden civsTurbo modeCheats
Victory
Defeat
🇵🇱 Burgundians · Poland
923
+15
🇵🇷 Britons · Puerto Rico
911
-15
omargonzalez7228
10:07 Feudal Age
15:50 Castle Age
15:26 Double-Bit Axe
15:34 Loom
22:39 Fletching
22:50 Padded Archer Armor
23:08 Pikeman
23:49 Squires
26:30 Forging
26:21 Scale Mail Armor
26:17 Bodkin Arrow
31:59 Imperial Age
31:04 Murder Holes
35:16 Chemistry
34:36 Ballistics
35:17 Halberdier
39:16 Conscription
43:36 Iron Casting
43:16 Chain Mail Armor
45:41 Bracer
45:57 Leather Archer Armor
matpochmara
6:54 Double-Bit Axe
8:04 Horse Collar
12:08 Feudal Age
13:11 Heavy Plow
16:36 Castle Age
15:29 Bow Saw
16:57 Cavalier
17:38 Husbandry
17:37 Gold Mining
22:40 Scale Mail Armor
22:51 Forging
22:51 Scale Barding Armor
25:09 Loom
26:55 Iron Casting
27:56 Wheelbarrow
28:47 Chain Barding Armor
29:41 Town Watch
36:34 Gold Shaft Mining
40:17 Imperial Age
41:10 Paladin
42:37 Conscription
43:45 Plate Barding Armor
44:17 Hand Cart
Connection lost

Rejoining the realm…

Still unreachable

The connection could not be restored.

Session expired

The server has moved on; the page needs a fresh start.